AoeStats
← Sargas

Nomad

503284894Analyzed
1v1 RM · 1mo ago on Aug 31, 2026· 31m 19s· 2 players
Game mode
Random Map
Map size
126×126
Population
200
Speed
Normal
Resources
Standard
Victory
Conquest
Starting age
Dark Age
Ending age
Imperial Age
RankedLock teamsTeams togetherTeam positionsShared explorationLock speedFull tech treeHidden civsTurbo modeCheats
Victory
Defeat
🇦🇷 Vikings · Argentina
617
+17
🇨🇱 Ethiopians · Chile
630
-25
sapo10
10:17 Loom
13:05 Feudal Age
14:10 Double-Bit Axe
24:02 Castle Age
22:16 Fletching
22:36 Forging
22:51 Town Watch
23:00 Gold Mining
25:48 Crossbowman
27:56 Bodkin Arrow
Sargas
11:53 Loom
16:15 Feudal Age
17:40 Double-Bit Axe
17:37 Horse Collar
22:10 Town Watch
21:48 Man-at-Arms
24:04 Arson
27:28 Fletching
27:39 Padded Archer Armor
27:50 Forging
27:41 Scale Mail Armor
28:21 Gold Mining
Connection lost

Rejoining the realm…

Still unreachable

The connection could not be restored.

Session expired

The server has moved on; the page needs a fresh start.